 Dungeon Crawl Stone Soup version 0.24-a0-652-g46ecf6d (webtiles) character file.

Game seed: 3115647798086013250, levelgen mode: deterministic

11232 JeffiDaFish the Fighter (level 11, -1/78 HPs)
             Began as a Gargoyle Fighter on Sept 26, 2019.
             Was a High Priest of Okawaru.
             Killed by divine providence
             ... invoked by an orc priest
              (16 damage)
             ... on level 11 of the Dungeon on Sept 27, 2019.
             The game lasted 00:24:09 (10572 turns).

JeffiDaFish the Fighter (Gargoyle Fighter)         Turns: 10572, Time: 00:24:09

Health: -1/78      AC: 30    Str: 28    XL:     11   Next: 74%
Magic:  11/11      EV:  6    Int:  9    God:    Okawaru [*****.]
Gold:   298        SH: 13    Dex: 15    Spells: 10/10 levels left

rFire    . . .     SeeInvis .   b - +2 whip (freeze)
rCold    + . .     Gourm    +   c - +1 shield
rNeg     + . .     Faith    .   j - +0 plate armour
rPois    ∞         Spirit   .   h - +0 helmet
rElec    +         Reflect  .   m - +0 cloak {MR+}
rCorr    .         Harm     .   u - +2 pair of gloves {Str+3}
MR       +....                  (no boots)
Stlth    ..........             g - amulet of the gourmand
HPRegen  0.23/turn              e - +3 ring of strength
MPRegen  0.12/turn              o - +5 ring of dexterity

@: no status effects
A: rugged brown scales 1, cold resistance 1, negative energy resistance 1,
electricity resistance, unbreathing, petrification resistance, rot immunity, AC
+8
a: Heroism, Finesse, Renounce Religion


You were on level 11 of the Dungeon.
You worshipped Okawaru.
Okawaru was extremely pleased with you.
You were completely stuffed.

You visited 2 branches of the dungeon, and saw 12 of its levels.

You collected 577 gold pieces.
You spent 279 gold pieces at shops.

Inventory:

Hand Weapons
 a - a +0 flail
 b - a +2 whip of freezing (weapon)
Armour
 c - a +1 shield (worn)
 h - a +0 helmet (worn)
 j - a +0 plate armour (worn)
 m - a +0 cloak of magic resistance (worn)
 u - a +2 pair of gloves of strength (worn)
Jewellery
 e - a +3 ring of strength (left hand)
 g - an amulet of the gourmand (around neck)
 i - an uncursed ring of protection from fire
 o - a +5 ring of dexterity (right hand)
Scrolls
 d - 4 scrolls of remove curse
 p - 2 scrolls of enchant armour
 r - 2 scrolls of identify
 s - 3 scrolls of teleportation
Potions
 k - 2 potions of flight
 n - a potion of haste
 q - a potion of curing
 t - 2 potions of mutation
Comestibles
 f - 20 rations
 v - 3 chunks of flesh


   Skills:
 * Level 11.9 Fighting
 + Level 7.8 Maces & Flails
 * Level 11.8 Armour
 + Level 8.8 Shields


You had 10 spell levels left.
You didn't know any spells.
Your spell library contained the following spells:

 Spells                   Type           Power        Failure   Level  Hunger
 Flame Tongue             Conj/Fire      #....        100%        1    ##.....
 Shock                    Conj/Air       #...         100%        1    ##.....
 Swiftness                Chrm/Air       #.......     100%        2    ###....
 Throw Flame              Conj/Fire      #.....       100%        2    ###....
 Conjure Flame            Conj/Fire      #.......     100%        3    ####...
 Inner Flame              Hex/Fire       #.......     100%        3    ####...
 Static Discharge         Conj/Air       #.......     100%        3    ####...
 Airstrike                Air            #.........   100%        4    #####..
 Sticky Flame             Conj/Fire      #.......     100%        4    #####..
 Fireball                 Conj/Fire      #.........   100%        5    ######.
 Lightning Bolt           Conj/Air       #.........   100%        5    ######.


Dungeon Overview and Level Annotations

Branches:
Dungeon (11/15)            Temple (1/1) D:6            Lair (0/6) D:10
    Orc (0/2) D:10

Altars:
Ashenzari
Cheibriados
Hepliaklqana
Kikubaaqudgha
Nemelex Xobeh
Okawaru
Sif Muna
Uskayaw
Vehumet
Xom

Shops:
D:10 [

Annotations:
D:6 Prince Ribbit
D:8 exclusion: ice statue
D:10 2 runed translucent doors, grocchini's ghost, journeyman HOCK
D:11 Nergalle


Innate Abilities, Weirdness & Mutations

You are resistant to torment.
Your stone body is resilient. (AC +8)
You are immune to poison.
You resist negative energy. (rN+)
You are resistant to electric shocks. (rElec)
You can survive without breathing.
You are immune to petrification.
You are immune to rotting.
You are partially covered in rugged brown scales. (AC +1, +3% HP)
Your flesh is cold resistant. (rC+)


Message History

You block the orc priest's attack. You block the kobold's attack.
The orc priest mumbles some strange prayers to Beogh against you.
Beogh smites you!
* * * LOW HITPOINT WARNING * * *
You closely miss the orc priest.
The orc priest is heavily wounded.
Something hits you but does no damage. Something bites you but does no damage.
The orc priest closely misses you. You block the kobold's attack.
You feel better. Something hits you but does no damage.
Something bites you but does no damage.
The orc priest hits you but does no damage.
The kobold completely misses you.
The orc priest calls upon Beogh to heal the orc priest.
The orc priest is healed somewhat.
You hit the orc priest. You freeze the orc priest.
The orc priest is moderately wounded.
Something hits you but does no damage. You block something's attack.
The orc priest invokes the aid of Beogh against you.
Beogh smites you!
You die...

...# ...#
....#
######.....
#..........
#s(...?....
#cKK.......
#K{o.......
#@oo.......
######.##..
.# #


You could see a centaur, a scorpion, 2 orc priests, an orc and 3 kobolds.

Vanquished Creatures
  Harold (D:8)
  3 two-headed ogres
  Pikel (D:5)
  A gargoyle (D:5)
  A komodo dragon (D:10)
  A troll (D:10)
  4 hippogriffs
  Sigmund (D:6)
  A wraith (D:8)
  3 yaks (D:10)
  A hungry ghost (D:11)
  3 wargs (D:10)
  3 slaves (D:5)
  5 orc warriors
  5 sky beasts
  Duvessa (D:5)
  4 ice beasts
  2 phantoms
  A necrophage (D:9)
  2 black bears
  7 ogres
  7 centaurs
  5 bullfrogs
  Dowan (D:5)
  3 scorpions
  3 killer bees (D:10)
  2 howler monkeys
  A bullfrog zombie (D:9)
  8 crimson imps
  Crazy Yiuf (D:4)
  3 hounds
  3 jellies
  13 orc wizards
  3 bullfrog skeletons
  6 orc priests
  5 iguanas
  9 worker ants
  A hound skeleton (D:5)
  Robin (D:3)
  3 worker ant zombies (D:7)
  A howler monkey skeleton (D:7)
  16 adders
  A shadow imp (D:7)
  An ooze (D:1)
  An adder skeleton (D:4)
  An adder zombie (D:8)
  3 worms
  8 leopard geckos
  31 orcs
  2 bats
  5 giant cockroaches
  11 goblins
  5 hobgoblins
  11 jackals
  2 quokkas
  2 ball pythons
  5 frilled lizards
  7 kobolds
  A leopard gecko zombie (D:6)
  11 rats
254 creatures vanquished.

Notes
Turn   | Place    | Note
-------+----------+-------------------------------------------
     0 | D:1      | JeffiDaFish the Gargoyle Fighter began the quest for the
                  | Orb.
     0 | D:1      | Reached XP level 1. HP: 14/14 MP: 1/1
    76 | D:1      | Reached XP level 2. HP: 19/19 MP: 2/2
   689 | D:2      | Reached XP level 3. HP: 24/24 MP: 3/3
  1114 | D:2      | Noticed an ogre
  1124 | D:2      | Killed an ogre
  1124 | D:2      | Reached XP level 4. HP: 30/30 MP: 4/4
  1164 | D:3      | Noticed Robin
  1256 | D:2      | Reached XP level 5. HP: 34/34 MP: 5/5
  1270 | D:3      | Killed Robin
  1380 | D:3      | Gained mutation: You are partially covered in rugged brown
                  | scales. (AC +1, +3% HP) [potion of mutation]
  1380 | D:3      | Gained mutation: Your magical capacity is low. (-10% MP)
                  | [potion of mutation]
  1380 | D:3      | Lost mutation: Your magical capacity is low. (-10% MP)
                  | [potion of mutation]
  1380 | D:3      | Gained mutation: Your flesh is cold resistant. (rC+)
                  | [potion of mutation]
  1440 | D:3      | Found a shattered altar of Ashenzari.
  1753 | D:3      | Found an ancient bone altar of Kikubaaqudgha.
  1755 | D:3      | Found a snail-covered altar of Cheibriados.
  2120 | D:3      | Noticed a sky beast
  2132 | D:3      | Killed a sky beast
  2132 | D:3      | Reached skill level 5 in Fighting
  2132 | D:3      | Reached skill level 5 in Armour
  2132 | D:3      | Reached XP level 6. HP: 41/41 MP: 6/6
  2201 | D:4      | Found a radiant altar of Vehumet.
  2201 | D:4      | Found a shimmering blue altar of Sif Muna.
  2208 | D:4      | Found a hide-covered altar of Uskayaw.
  2208 | D:4      | Found a hazy altar of Hepliaklqana.
  2260 | D:4      | Found a runed translucent door.
  2261 | D:4      | Noticed Crazy Yiuf
  2328 | D:4      | Reached XP level 7. HP: 33/45 MP: 7/7
  2388 | D:4      | Killed Crazy Yiuf
  2688 | D:4      | You fall into a shaft and drop 3 floors!
  3032 | D:7      | Reached XP level 8. HP: 46/53 MP: 8/8
  3066 | D:7      | Reached skill level 5 in Shields
  3186 | D:5      | Entered Level 5 of the Dungeon
  3532 | D:4      | Found a shimmering altar of Xom.
  4285 | D:5      | Noticed a gargoyle
  4293 | D:5      | Killed a gargoyle
  4509 | D:5      | Reached XP level 9. HP: 49/60 MP: 9/9
  4518 | D:5      | Reached skill level 5 in Maces & Flails
  4583 | D:5      | Noticed Dowan
  4593 | D:5      | Noticed Duvessa
  4611 | D:5      | Killed Duvessa
  4627 | D:5      | Killed Dowan
  4989 | D:5      | Noticed Pikel
  5117 | D:5      | Killed Pikel
  5784 | D:6      | Noticed Sigmund
  5787 | D:6      | Found a staircase to the Ecumenical Temple.
  5801 | D:6      | Killed Sigmund
  5821 | Temple   | Entered the Ecumenical Temple
  5829 | Temple   | Became a worshipper of Warmaster Okawaru
  6027 | D:6      | Found a shimmering blue altar of Sif Muna.
  6276 | D:6      | Noticed Prince Ribbit
  6446 | D:7      | Reached XP level 10. HP: 67/67 MP: 10/10
  6959 | D:8      | Noticed Harold
  6989 | D:8      | Killed Harold
  6989 | D:8      | Reached * piety under Okawaru
  7016 | D:8      | Reached skill level 10 in Fighting
  7200 | D:8      | Found a sparkling altar of Nemelex Xobeh.
  7267 | D:8      | Noticed an ice statue
  7304 | D:8      | Reached skill level 10 in Armour
  7317 | D:8      | You fall into a shaft and drop 3 floors!
  7326 | D:10     | Entered Level 10 of the Dungeon
  7326 | D:10     | Found a large runed translucent door.
  7326 | D:10     | Found a large runed translucent door.
  8320 | D:9      | Reached ** piety under Okawaru
  8641 | D:9      | Noticed a two-headed ogre
  8659 | D:9      | Killed a two-headed ogre
  8659 | D:9      | Reached *** piety under Okawaru
  8801 | D:10     | Noticed a two-headed ogre
  8802 | D:10     | Reached XP level 11. HP: 75/75 MP: 11/11
  8853 | D:10     | Killed a two-headed ogre
  9052 | D:10     | Reached **** piety under Okawaru
  9409 | D:10     | Found Azasyiga's Armour Shop.
  9410 | D:10     | Found a staircase to the Orcish Mines.
  9441 | D:10     | Found a staircase to the Lair.
  9452 | D:10     | Bought a +2 pair of gloves of strength for 279 gold pieces
  9521 | D:10     | Noticed grocchini's ghost (journeyman HOCK)
 10033 | D:11     | Noticed a two-headed ogre
 10054 | D:11     | Killed a two-headed ogre
 10054 | D:11     | Reached ***** piety under Okawaru
 10524 | D:11     | Noticed a cyclops
 10527 | D:11     | Noticed Nergalle
 10572 | D:11     | Killed from afar by an orc priest

Levels and vault maps discovered:
D:1:      mrwooster_arrival_arrow, layout_basic
D:2:      layout_basic
D:3:      layout_loops_ring, nicolae_overflow_crystal_walls,
          nicolae_overflow_hidden_temple, kennysheep_potato, uniq_robin
D:4:      layout_cave_pods, lemuel_crystal_altar, grunt_temple_overflow_open,
          uniq_crazy_yiuf_cottage
D:5:      wander_river, layout_loops_corners, first_ration, st_stairs_9,
          uniq_duvessa, uniq_pikel
D:6:      layout_loops_ring, minmay_temple_entry_grid, lemuel_blue_sif_altar,
          uniq_sigmund, uniq_prince_ribbit1
D:7:      layout_loops_ring, enter_bailey_2, grunt_ogre_cave
D:8:      lemuel_ice_statue, layout_loops_ring, marbit_many_paths,
          minmay_misc_feat_pillars, uniq_harold
D:9:      layout_grid_maze
D:10:     layout_basic, erik_lair_orcish_takeover, orc_david_3,
          ebering_ghost_disaster_area
D:11:     layout_basic, uniq_nergalle
Temple:   dshaligram_water_room_temple

Skill      XL: |  1  2  3  4  5  6  7  8  9 10 11 |
---------------+----------------------------------+-----
Fighting       | 4 5 6 7 9 10 11 | 11.9
Armour         | 4 5 6 7 9 10 11 | 11.8
Shields        | 4 5 6 7 8 |  8.8
Maces & Flails | 3 4 5 7 |  7.8

Action                   |  1- 3 |  4- 6 |  7- 9 | 10-12 || total
-------------------------+-------+-------+-------+-------++-------
Melee: Flail             |    84 |   207 |   363 |       ||   654
       Whip              |       |       |   151 |   752 ||   903
  Use: Scroll            |     4 |     1 |     5 |     6 ||    16
       Potion            |     4 |     2 |     3 |     7 ||    16
  Eat: Chunk             |       |     5 |    22 |    20 ||    47
Armor: Scale mail        |    47 |   138 |   194 |       ||   379
       Plate armour      |       |       |    85 |   386 ||   471
Dodge: Dodged            |    32 |    67 |   124 |   118 ||   341
Block: Shield            |    32 |   154 |   311 |   438 ||   935

Table legend:
 A = Non-vault XP
 B = Vault XP
 C = Vault XP percentage of total XP
 D = Non-vault monster count
 E = Vault monster count
 F = Vault count percentage of total count
                 A         B        C        D         E       F
            +---------+---------+-------+---------+---------+-------
      Total |   12612 |    3434 |  21.4 |     214 |      37 |  14.7
            +---------+---------+-------+---------+---------+-------
        D:1 |      27 |       0 |   0.0 |      14 |       0 |   0.0
        D:2 |     123 |      18 |  12.8 |       8 |      10 |  55.6
        D:3 |     251 |      20 |   7.4 |      24 |       4 |  14.3
        D:4 |     326 |      44 |  11.9 |      19 |       1 |   5.0
        D:5 |    1040 |    1147 |  52.4 |      21 |       6 |  22.2
        D:6 |     702 |     227 |  24.4 |      16 |       1 |   5.9
        D:7 |     906 |     112 |  11.0 |      31 |       1 |   3.1
        D:8 |     892 |     997 |  52.8 |       9 |       2 |  18.2
        D:9 |    2259 |       0 |   0.0 |      26 |       0 |   0.0
       D:10 |    3898 |     869 |  18.2 |      32 |      12 |  27.3
       D:11 |    2188 |       0 |   0.0 |      14 |       0 |   0.0
            +---------+---------+-------+---------+---------+-------
